 Dungeon Crawl Stone Soup version 0.30.1-4-g462c640d31 (webtiles) character file.

Game seed: 1921729421213538779

135 Almogavar the Covered (level 5, 0/33 HPs)
             Began as a Gargoyle Fighter on Aug 19, 2023.
             Engulfed by a steam dragon's steam (2 damage)
             ... on level 4 of the Dungeon.
             The game lasted 00:04:38 (2818 turns).

Almogavar the Covered (Gargoyle Fighter)            Turns: 2818, Time: 00:04:38

Health: 0/33       AC: 15    Str: 22    XL:     5   Next: 18%
Magic:  5/5        EV:  9    Int:  8    God:
Gold:   109        SH:  4    Dex:  9    Spells: 4/4 levels left

rFire   . . .        a - +0 flail
rCold   . . .        c - +0 buckler
rNeg    + . .        b - +0 scale mail
rPois   ∞            (no helmet)
rElec   +            (no cloak)
rCorr   .            (no gloves)
SInv    .            (no boots)
Will    .....        (no amulet) Stlth
                     q - +4 ring of protection
HPRegen 0.25/turn    (no ring)
MPRegen 0.09/turn

%: no passive effects
@: mighty
A: sickness immunity, AC +4, negative energy resistance 1, electricity
resistance, torment resistance 1, petrification resistance
a: no special abilities


You were on level 4 of the Dungeon.
You visited 1 branch of the dungeon, and saw 4 of its levels.

You collected 109 gold pieces.

Inventory:

Hand Weapons
 a - a +0 flail (weapon)
Armour
 b - a +0 scale mail (worn)
 c - a +0 buckler (worn)
 r - a +0 chain mail
Magical Staves
 o - a staff of death
Jewellery
 m - a ring of fire
 q - a +4 ring of protection (left hand)
Scrolls
 g - a scroll of magic mapping
 i - a scroll of brand weapon
 k - a scroll of enchant armour {unknown}
 l - a scroll of noise {unknown}
 n - a scroll of teleportation {unknown}
 p - a scroll of fear {unknown}
 s - a scroll of vulnerability {unknown}
Potions
 d - a potion of might


   Skills:
 + Level 3.7 Fighting
 + Level 3.3 Maces & Flails
 + Level 4.5 Armour
 + Level 0.2 Dodging
 + Level 4.0 Shields


You had 4 spell levels left.
You didn't know any spells.
Your spell library contained the following spells:

 Spells                   Type           Power      Damage    Failure   Level
 Apportation              Tloc           0%         N/A       80%         1
 Necrotise                Necr           0%         1d4       80%         1
 Shock                    Conj/Air       0%         1d3       80%         1
 Summon Small Mammal      Summ           0%         N/A       80%         1
 Blink                    Tloc           0%         N/A       90%         2
 Lesser Beckoning         Tloc           0%         N/A       90%         2
 Momentum Strike          Conj/Tloc      0%         3d8       90%         2
 Swiftness                Air            0%         N/A       99%         3
 Airstrike                Air            0%         2d(0-16)  100%        4


Dungeon Overview and Level Annotations

Branches:
Dungeon (4/15)
 Temple: D:4-7

Altars:


Innate Abilities, Weirdness & Mutations

You are immune to sickness and miasma.
Your stone body is resilient. (AC +4)
You are immune to poison.
You resist negative energy. (rN+)
You are resistant to electric shocks. (rElec)
You are resistant to unholy torment.
You are immune to petrification.


Message History

The steam dragon hisses angrily.
The steam dragon breathes steam at you. The ball of steam hits you!
The steam dragon moves out of view.
It was a potion of heal wounds.
You feel much better. The steam dragon breathes steam at you.
The ball of steam hits you!
You feel very mighty all of a sudden.
You are engulfed in a cloud of scalding steam.
You feel much better.
You hit the steam dragon.
The steam dragon is lightly wounded.
The steam dragon bites you but does no damage.
The steam dragon barely misses you. The steam dragon completely misses you.
You block the steam dragon's attack.
You completely miss the steam dragon.
The steam dragon is lightly wounded.
You are engulfed in a cloud of scalding steam.
The steam dragon bites you but does no damage.
The steam dragon barely misses you.
You completely miss the steam dragon.
The steam dragon is lightly wounded.
The steam dragon bites you but does no damage.
The steam dragon claws you but does no damage.
You barely miss the steam dragon.
The steam dragon is lightly wounded.
The steam dragon bites you but does no damage.
The steam dragon claws you.
You closely miss the steam dragon.
The steam dragon is lightly wounded.
You block the steam dragon's attack. The steam dragon misses you.
You block the steam dragon's attack. The steam dragon closely misses you.
You hit the steam dragon.
The steam dragon is moderately wounded.
The steam dragon breathes steam at you. The ball of steam hits you!
* * * LOW HITPOINT WARNING * * *
You barely miss the steam dragon.
The steam dragon is moderately wounded.
You are engulfed in a cloud of scalding steam.
You die...

#........## ....
#..##....# ....
#.###...<... ..
#.# ##..#.... #.#
#..#.....
####.#####.......
#........#.......
...##......$....
#.§§.@D.......
.....§§.........
................
..#..####.......
. #.# ..>.... ...
...... ... ......
.. .....


You could see a steam dragon (catching breath).

Vanquished Creatures
  An iguana (D:2)
  An orc wizard (D:3)
  2 adders (D:2)
  4 dart slugs
  3 orcs (D:4)
  3 bats
  3 endoplasms (D:2)
  2 giant cockroaches
  8 goblins
  3 hobgoblins
  4 quokkas
  8 ball pythons
  3 frilled lizards
  5 kobolds
  3 rats (D:1)
53 creatures vanquished.

Notes
Turn   | Place    | Note
-------+----------+-------------------------------------------
     0 | D:1      | Almogavar the Gargoyle Fighter began the quest for the Orb.
     0 | D:1      | Reached XP level 1. HP: 14/14 MP: 1/1
   110 | D:1      | Reached XP level 2. HP: 19/19 MP: 2/2
   320 | D:1      | Found a faded altar of an unknown god.
  1217 | D:2      | Reached XP level 3. HP: 23/23 MP: 3/3
  1341 | D:2      | Reached XP level 4. HP: 25/29 MP: 4/4
  2666 | D:3      | Reached XP level 5. HP: 13/33 MP: 5/5
  2798 | D:4      | Identified the +1 dagger "Tocosk" {protect, Contam rC++
                  | Str+4}
  2805 | D:4      | Noticed a steam dragon
  2818 | D:4      | Engulfed by a steam dragon's steam

Illustrated notes

Levels and vault maps discovered:
D:1:      sevenhm_arrival_forest_fort_small_3, layout_basic,
          dreamdust_ecumenical_altar_hidden_monk_grotto, st_stairs_6
D:2:      layout_loops_cross, serial_bayou_ford_a
D:3:      layout_loops_cross, serial_forest, infiniplex_forest_clump_tiny,
          infiniplex_forest_clump_cross, infiniplex_forest_straight_4,
          infiniplex_forest_corner_1, infiniplex_forest_end_1,
          infiniplex_forest_lined_1, infiniplex_forest_end_2,
          infiniplex_forest_straight_2, minivault_27
D:4:      layout_cave_pools, mainiacjoe_overflow_24_doors,
          kennysheep_generic_room_7

Skill      XL: |  1  2  3  4  5 |
---------------+----------------+-----
Armour         | 4 |  4.5
Maces & Flails | 3 |  3.3
Shields        | 4 |  4.0
Fighting       | |  3.7
Dodging        | |  0.2

Action                     |  1- 3 |  4- 6 || total
---------------------------+-------+-------++-------
  Melee: Flail             |    81 |   131 ||   212
    Use: Scroll            |       |     4 ||     4
         Potion            |       |     3 ||     3
 Armour: Scale mail        |    38 |    88 ||   126
  Dodge: Dodged            |    33 |    59 ||    92
  Block: Buckler           |    17 |    40 ||    57
